Map: Corrosion EC

Players

Namshar - Winner!

  • Race: Zerg Zerg
  • League: Grandmaster
  • Spawn Location: 5:00

ShaDoWn

  • Race: Protoss Protoss
  • League: Grandmaster
  • Spawn Location: 11:00

Event: HomeStory Cup XVII

VOD

Have the link to the VOD?

Description

Time

  • Played on: June 28, 2018, 6:10 p.m.
  • Length: 11:02

All games in this series

Show
View Real Time Build Order
Export as new Build Order

Namshar Zerg - Winner!

Build Orders: Hatch First, Lurkers 

Get SALT Encoding   

  12  0:00  Drone  
  13  0:12  Overlord  
  13  0:17  Drone  
  14  0:30  Drone x2  
  14  0:34  Drone  
  17  0:50  Hatchery  
  17  0:54  Drone  
  17  0:57  Drone  
  18  1:08  Extractor  
  17  1:12  Spawning Pool  
  17  1:15  Drone  
  18  1:18  Drone  
  18  1:28  Drone  
  19  1:39  Drone  
  20  1:49  Overlord  
  20  1:58  Queen  
  22  2:02  Queen  
  22  2:03  Zergling x4  
  22  2:07  Metabolic Boost  
  26  2:11  Drone  
  26  2:13  Drone  
  28  2:21  Drone  
  29  2:24  Drone  
  30  2:32  Drone  
  30  2:35  Drone  
  32  2:41  Hatchery  
  31  2:46  Pneumatized Carapace  
  31  2:51  Overlord  
  31  2:54  Drone  
  32  2:59  Drone  
  32  3:00  Drone  
  32  3:04  Drone  
  35  3:10  Drone x4  
  39  3:16  Queen  
  41  3:21  Overlord  
  41  3:23  Drone  
  42  3:33  Lair  
  42  3:34  Overlord  
  42  3:35  Drone  
  42  3:38  Spore Crawler  
  42  3:39  Drone  
  43  3:42  Drone x2  
  43  3:48  Drone x2  
  47  3:51  Queen  
  49  3:57  Drone, Extractor x2  
  49  3:58  Spore Crawler, Drone  
  49  4:02  Drone  
  49  4:03  Drone  
  49  4:08  Overlord  
  50  4:10  Drone x2  
  52  4:17  Spore Crawler  
  52  4:18  Spore Crawler  
  52  4:19  Drone x3  
  52  4:24  Drone  
  52  4:25  Drone x2  
  56  4:33  Drone, Extractor  
  56  4:34  Hydralisk Den, Drone x3  
  56  4:38  Drone  
  59  4:39  Overlord  
  59  4:43  Drone x3  
  62  4:47  Drone x2  
  62  4:51  Overlord  
  63  4:55  Drone  
  63  4:58  Overlord  
  64  5:00  Queen  
  64  5:04  Hydralisk x2  
  64  5:06  Hydralisk  
  72  5:10  Hydralisk  
  74  5:15  Hydralisk x2  
  78  5:23  Hydralisk  
  78  5:24  Hydralisk x2  
  84  5:38  Hydralisk  
  84  5:39  Hydralisk  
  84  5:41  Overlord x2  
  84  5:42  Overlord  
  88  5:43  Muscular Augments, Extractor  
  88  5:44  Extractor  
  88  5:49  Drone  
  87  5:50  Evolution Chamber  
  87  5:52  Overseer  
  87  5:53  Drone  
  87  5:54  Drone x2  
  88  5:59  Drone x2  
  88  6:00  Overlord  
  88  6:02  Drone x2  
  92  6:07  Drone x8  
  92  6:08  Overseer  
  100  6:18  Overlord  
  100  6:20  Hatchery  
  100  6:21  Hydralisk x3  
  105  6:37  Queen  
  107  6:40  Spine Crawler, Hydralisk  
  107  6:41  Hydralisk x5  
  118  6:47  Zerg Missile Weapons Level 1  
  118  7:02  Grooved Spines  
  118  7:08  Hydralisk x2  
  118  7:10  Overlord  
  118  7:11  Overlord x3  
  122  7:20  Lurker Den  
  121  7:27  Drone x2, Extractor  
  121  7:28  Overlord x3  
  122  7:30  Extractor  
  121  7:37  Hydralisk x4  
  121  7:40  Hydralisk x4  
  121  7:41  Hydralisk  
  139  7:55  Hydralisk x7  
  153  8:04  Drone x6  
  159  8:08  Hydralisk x2  
  159  8:09  Zergling x2  
  154  8:33  Hydralisk  
  154  8:34  Hydralisk x6  
  166  8:41  Hydralisk x2  
  166  8:42  Hydralisk x2  
  172  8:52  Lurker  
  172  8:53  Lurker x3  
  174  9:06  Hydralisk  
  174  9:08  Overlord x4  
  176  9:20  Overseer  
  176  9:21  Hatchery, Extractor  
  174  9:25  Overseer  
  174  9:26  Overseer, Extractor  
  174  9:27  Lurker x2  
  174  9:28  Lurker  
  174  9:29  Lurker  
  174  9:30  Lurker, Hydralisk  
  174  9:31  Zergling x28  
  186  9:42  Hydralisk, Zergling x2  
  186  9:43  Zergling x20  
  177  9:54  Hydralisk  
  177  9:55  Zergling x6  
  170  10:04  Hydralisk  
  170  10:05  Zergling x6  
  150  10:12  Hydralisk x3  
  153  10:19  Hydralisk x2  
  137  10:24  Hydralisk  
  137  10:25  Hydralisk x2  
  138  10:30  Hydralisk  
  137  10:41  Drone  
  137  10:42  Infestation Pit  
  134  10:43  Drone  
  134  10:44  Drone  
Show
View Real Time Build Order
Export as new Build Order

ShaDoWn Protoss 

Build Orders: 1 Gate Expand, Oracle Opening, Phoenix Opening, Archon Immortal, Zealot Archon, Archon Drop 

Get SALT Encoding   

  12  0:00  Probe  
  13  0:12  Probe  
  14  0:20  Pylon  
  14  0:24  Probe  
  15  0:35  Probe  
  15  0:39  Gateway  
  16  0:43  Probe  
  16  0:49  Assimilator  
  17  0:52  Probe  
  18  1:04  Probe  
  19  1:17  Probe  
  20  1:25  Nexus  
  20  1:35  Cybernetics Core  
  20  1:38  Probe  
  21  1:43  Assimilator  
  21  1:50  Probe  
  21  1:52  Pylon  
  22  2:02  Adept, Probe  
  23  2:14  Probe  
  26  2:21  Stargate  
  26  2:25  Probe  
  26  2:28  Adept  
  29  2:33  Probe  
  29  2:34  Warp Gate, Probe  
  29  2:42  Probe x2  
  33  2:52  Probe x2  
  33  2:56  Phoenix  
  35  3:04  Probe  
  35  3:05  Probe  
  39  3:07  Pylon  
  39  3:16  Probe  
  39  3:17  Gateway, Probe  
  39  3:19  Oracle  
  44  3:28  Probe  
  44  3:29  Assimilator, Probe  
  46  3:34  Assimilator  
  46  3:36  Probe  
  46  3:41  Probe  
  48  3:43  Robotics Facility  
  48  3:44  Probe  
  49  3:53  Probe  
  49  3:54  Probe  
  50  3:56  Twilight Council  
  50  4:02  Pylon  
  51  4:05  Probe  
  51  4:06  Probe  
  53  4:14  Gateway  
  53  4:15  Gateway  
  53  4:17  Probe  
  53  4:20  Warp Prism  
  54  4:25  Probe  
  54  4:29  Probe  
  58  4:41  Zealot  
  58  4:42  Zealot  
  62  4:47  Pylon  
  62  4:50  Templar Archives  
  62  4:54  Nexus  
  62  5:01  Pylon  
  62  5:03  Forge  
  62  5:05  Observer  
  63  5:07  Probe  
  63  5:08  Probe  
  65  5:19  Probe  
  66  5:22  Probe  
  66  5:23  Pylon  
  66  5:25  High Templar  
  66  5:26  High Templar x3  
  75  5:30  Archon x2  
  75  5:31  Probe  
  76  5:37  Immortal, Gateway  
  80  5:44  Probe  
  80  5:47  Gateway  
  81  5:50  Probe  
  81  5:51  Protoss Ground Weapons Level 1  
  82  6:00  Gateway  
  82  6:01  Charge  
  82  6:02  Gateway  
  82  6:03  Sentry, Zealot  
  86  6:13  Probe  
  87  6:19  Immortal  
  87  6:21  Psionic Storm  
  87  6:22  Probe  
  87  6:24  Probe  
  93  6:28  Assimilator, Probe  
  93  6:29  Assimilator  
  94  6:34  Probe  
  94  6:37  Probe  
  94  6:39  High Templar, Zealot  
  100  6:43  Probe  
  101  6:48  Pylon  
  101  6:49  Pylon  
  101  7:00  Probe  
  101  7:04  Pylon  
  101  7:06  Probe x2  
  101  7:07  Observer  
  104  7:09  High Templar  
  104  7:10  High Templar  
  104  7:12  Probe  
  104  7:13  Zealot  
  111  7:15  High Templar  
  111  7:17  Zealot x2  
  117  7:26  Nexus  
  117  7:28  High Templar, Pylon  
  119  7:32  Probe  
  120  7:38  Shield Battery  
  120  7:40  Photon Cannon, High Templar  
  120  7:43  Photon Cannon, Protoss Ground Weapons Level 2  
  122  7:45  Photon Cannon  
  122  7:46  Immortal  
  122  7:48  Shield Battery  
  122  7:49  Photon Cannon x2  
  122  7:50  Photon Cannon  
  126  7:58  Pylon  
  126  7:59  High Templar  
  126  8:05  Zealot x3  
  132  8:09  Zealot  
  114  8:20  Probe x2  
  116  8:28  Zealot x2  
  116  8:29  Zealot x5  
  130  8:46  Probe x2  
  118  8:48  Immortal  
  118  8:50  Probe  
  118  8:53  High Templar x4  
  118  8:54  Zealot x4  
  135  9:04  Archon x2  
  135  9:05  Probe x3  
  135  9:07  Assimilator  
  136  9:10  Assimilator  
  136  9:12  Probe  
  136  9:16  Pylon  
  137  9:17  Probe, Pylon  
  137  9:20  Zealot  
  137  9:21  Cybernetics Core, Zealot x3  
  146  9:31  Zealot  
  138  9:40  Zealot  
  138  9:41  Zealot x6  
  146  9:49  Immortal  
  131  10:06  Archon  
  118  10:08  Zealot x5  
  118  10:10  Oracle  
  115  10:26  Zealot  
  96  10:31  Zealot x3  
  96  10:32  Zealot  
  95  10:40  Observer  
  95  10:42  Probe x3  
  95  10:56  High Templar x6  
  106  10:59  Archon  
  106  11:00  Archon x2  
  106  11:01  Archon  
Tags
 
Add a new tag
Caveats
  • Supply blocks, unpowered buildings, or Contaminate may cause inaccurate times.
  • Supply counts are checked every 10 seconds.